 Dungeon Crawl Stone Soup version 0.31.0-12-g77e489cdc1 (webtiles) character file.

Game seed: 2705056482078949649

34 spaghetti the Cutter (level 3, 0/23 HPs)
             Began as a Tengu Berserker on Feb 16, 2024.
             Was a Follower of Trog.
             Succumbed to a gnoll's poison
             ... on level 1 of the Dungeon.
             The game lasted 00:00:50 (589 turns).

spaghetti the Cutter (Tengu Berserker)               Turns: 589, Time: 00:00:51

Health: 0/23       AC:  2    Str: 17    XL:     3   Next: 31%
Magic:  4/4        EV: 27    Int:  7    God:    Trog [*.....]
Gold:   0          SH:  0    Dex: 15    Spells: 2/2 levels left

rFire   . . .        e - +0 short sword (protect)
rCold   . . .        (no shield)
rNeg    . . .        b - +0 animal skin
rPois   .            (helmet restricted)
rElec   .            (no cloak)
rCorr   .            (no gloves)
SInv    .            (boots unavailable)
Will    .....        (no amulet)
Stlth   ++           (no ring)
HPRegen 0.23/turn    (no ring)
MPRegen 0.09/turn

%: acrobat
@: lethally poisoned (0 -> -4), on berserk cooldown, acrobatic, slowed, very
slow
A: beak, talons 3, acrobatic
a: Renounce Religion, Berserk


You were on level 1 of the Dungeon.
You worshipped Trog.
Trog was aware of your devotion.
You visited 1 branch of the dungeon, and saw 1 of its levels.

Inventory:

Hand Weapons
 a - a +0 short sword
 e - a +0 short sword of protection (weapon)
Armour
 b - a +0 animal skin (worn)
Scrolls
 c - a scroll of identify {unknown}
 d - 2 scrolls of brand weapon {unknown}


   Skills:
 - Level 3.0 Fighting
 + Level 4.1 Short Blades
 - Level 2.1 Armour
 - Level 2.1 Dodging
 + Level 2.1 Stealth


You had 2 spell levels left.
You didn't know any spells.
Your spell library was empty.

Dungeon Overview and Level Annotations

Branches:
Dungeon (1/15)

Altars:


Innate Abilities, Weirdness & Mutations

You have a beak for a mouth.
You have claws for feet.
You can magically evade attacks while moving or waiting.


Message History

You are too injured to fight recklessly!
You are too injured to fight recklessly!
A red film seems to cover your vision as you go berserk!
You feel yourself moving faster!
You feel mighty!
You feel very sick. The gnoll closely misses you.
You closely miss the gnoll. You claw the gnoll!
You kill the gnoll!
Trog accepts your kill.
* * * LOW HITPOINT WARNING * * *
You feel sick.
Your Short Blades skill increases to level 4!
Your Stealth skill increases to level 2!
There is a lethal amount of poison in your body!
There is a lethal amount of poison in your body!
There is a lethal amount of poison in your body!
There is a lethal amount of poison in your body!
You are too berserk!
* * * LOW HITPOINT WARNING * * *
You feel sick.
A bat comes into view.
You see here a +2 spear of venom.
There is a lethal amount of poison in your body!
Unknown command.
You feel a strong urge to attack something.
* * * LOW HITPOINT WARNING * * *
You feel sick.
* * * LOW HITPOINT WARNING * * *
You feel sick.
You feel your anger nearly subside.
* * * LOW HITPOINT WARNING * * *
You feel sick.
You are no longer berserk.
You are exhausted.
You feel yourself slow down.
* * * LOW HITPOINT WARNING * * *
You feel sick.
You aren't carrying any potions.
Okay, then.
You die...

#.# #.. #.# #.. #.# #. #..
#.# #. #.# #.# #.####.# .#.#
#......# ..#.#
.###......####...#.#
.........b..@....#.#
##.........#.###.#
#...)...### # #.# #......##
#.# #.#'#+#### #.#
#.......... #.#
#..###.###.#########.########
#..##..# #..................#
#..##.##########.##########.#


You could see a bat.

Vanquished Creatures
  2 gnolls (D:1)
  A bat (D:1)
  3 endoplasms (D:1)
  2 giant cockroaches (D:1)
  A goblin (D:1)
  2 hobgoblins (D:1)
  A kobold (D:1)
  A frilled lizard (D:1)
13 creatures vanquished.

Notes
Turn   | Place    | Note
-------+----------+-------------------------------------------
     0 | D:1      | spaghetti the Tengu Berserker began the quest for the Orb.
     0 | D:1      | Reached XP level 1. HP: 14/14 MP: 2/2
   224 | D:1      | Reached skill level 1 in Stealth
   224 | D:1      | Reached XP level 2. HP: 18/19 MP: 3/3
   516 | D:1      | Reached XP level 3. HP: 23/23 MP: 4/4
   584 | D:1      | Reached skill level 4 in Short Blades
   589 | D:1      | Succumbed to a gnoll's poison

Illustrated notes

Levels and vault maps discovered:
D:1:      matt_arrival_grand_opening, layout_basic

Skill      XL: |  1  2  3 |
---------------+----------+-----
Stealth        | 1 2 |  2.1
Short Blades   | 4 |  4.1
Fighting       | |  3.0
Armour         | |  2.1
Dodging        | |  2.1

Action                     || total
---------------------------++-------
  Melee: Short sword       ||    31
         Peck              ||     7
         Kick              ||     7
 Invoke: Berserk           ||     2
   Stab: Sleeping          ||     1
 Armour: Animal skin       ||    11
  Dodge: Dodged            ||    20
